 Dungeon Crawl Stone Soup version 0.24-a0-335-g06ca16a (webtiles) character file.

Game seed: 2066322718986389523

436 ohad the Changer (level 7, 0/43 HPs)
             Began as an Octopode Transmuter on May 18, 2019.
             Slain by an orc priest
             ... wielding a +0 flail
              (12 damage)
             ... on level 4 of the Dungeon.
             The game lasted 00:11:20 (4861 turns).

ohad the Changer (Octopode Transmuter)              Turns: 4861, Time: 00:11:21

Health: 0/43       AC:  2    Str:  9    XL:     7   Next: 1%
Magic:  7/10       EV: 18    Int: 17    God:
Gold:   220        SH:  0    Dex: 18    Spells: 1/11 levels left

rFire    . . .     SeeInvis .     - Unarmed
rCold    . . .     Gourm    .   (shield currently unavailable)
rNeg     . . .     Faith    .   (helmet currently unavailable)
rPois    x         Spirit   .   s - amulet of regeneration
rElec    .         Reflect  .   u - +2 ring of slaying
rCorr    .         Harm     .   (no ring)
MR       .....                  (no ring)
Stlth    ++........             (no ring)
HPRegen  0.14/turn              (no ring)
MPRegen  0.12/turn              (no ring)
                                (no ring)
                                (no ring)

@: spider-form (expiring), drained
A: tiny, almost no armour, stealthy swim, (amphibious), 8 rings, (constrict 8)
a: End Transformation


You were on level 4 of the Dungeon.
You were not hungry.
You were a venomous arachnid creature.
You visited 1 branch of the dungeon, and saw 4 of its levels.

You collected 220 gold pieces.

Inventory:

Hand Weapons
 k - a +0 club
Missiles
 a - 46 arrows
 p - 4 poisoned darts (quivered)
Jewellery
 s - an amulet of regeneration (around neck)
 u - a +2 ring of slaying (left front leg)
Wands
 q - a wand of polymorph (7)
Scrolls
 d - 2 scrolls of teleportation {unknown}
 e - 3 scrolls of remove curse
 i - a scroll of amnesia {unknown}
 j - a scroll of enchant armour {unknown}
 m - a scroll of immolation {unknown}
 o - 2 scrolls of magic mapping {unknown}
 t - a scroll of blinking {unknown}
Potions
 b - a potion of heal wounds
 f - a potion of might
 g - a potion of invisibility {unknown}
 h - a potion of berserk rage {unknown}
 l - a potion of curing
 n - a potion of resistance
 r - a potion of flight
Comestibles
 c - 6 rations
 v - a chunk of flesh


   Skills:
 - Level 1.0(0.1) Fighting
 - Level 2.0(1.0) Dodging
 - Level 3.0(2.0) Unarmed Combat
 - Level 2.5(1.5) Spellcasting
 - Level 5.8(4.7) Transmutations
 + Level 3.7(2.7) Ice Magic


You had one spell level left.
You knew the following spells:

 Your Spells              Type           Power        Failure   Level  Hunger
a - Beastly Appendage     Tmut           ###...       11%         1    ##.....
b - Sticks to Snakes      Tmut           ###.....     13%         2    ###....
c - Spider Form           Tmut/Pois      #.........   43%         3    ####...
d - Ice Form              Ice/Tmut       ##......     63%         4    #####..

Your spell library contained the following spells:

 Spells                   Type           Power        Failure   Level  Hunger
 Magic Dart               Conj           #...         41%         1    ##.....
 Searing Ray              Conj           #.....       52%         2    ###....
 Dazzling Spray           Conj/Hex       #.....       73%         3    ####...
 Blade Hands              Tmut           ###.......   82%         5    ######.
 Force Lance              Conj/Tloc      #.......     97%         4    #####..
 Fulminant Prism          Conj/Hex       #.........   97%         4    #####..
 Iskenderun's Mystic Bla  Conj           #.......     97%         4    #####..


Dungeon Overview and Level Annotations

Branches:
Dungeon (4/15)
 Temple: D:4-7

Altars:
Makhleb


Innate Abilities, Weirdness & Mutations

You cannot wear most types of armour.
You are very stealthy in the water. (Stealth+)
((You are amphibious.))
You can wear up to eight rings at the same time.
((You can use your tentacles to constrict eight enemies at once.))
((Your skin changes colour to match your surroundings (Stealth+).))
((Your rubbery body absorbs attacks. (AC +1, EV +1)))


Message History

You completely miss the orc priest. The orc priest closely misses you.
Unknown command.
You barely miss the orc priest.
Your transformation is almost over.
The orc closely misses you.
You hit the orc priest.
The orc priest is poisoned.
The orc priest is lightly wounded.
The orc priest misses you.
You barely miss the orc priest.
The orc priest is moderately wounded.
The orc hits you with a +0 flail.
The orc priest hits you with a +0 flail.
You hit the orc priest.
The orc priest looks as sick as possible!
The orc priest is severely wounded.
The orc hits you.
* * * LOW HITPOINT WARNING * * *
The orc completely misses you.
The orc priest hits you with a +0 flail!
You die...

#.....###........รท
#.....'..........#
#.....###.#.#.#..#
# .####.....#
#.#.#.#..#
............#
#.#.#....#
.#.####.....#
#.#.#.#.##
............#
#.#......#
......o#..#####.#.#
.. .
.....oos)........
.....ro#..####...
.......#..#
...##....... ..
#..#..### . .......
....#..## ##.. ..#


You could see an orc priest, 3 orcs and a quokka.

Vanquished Creatures
  Crazy Yiuf (D:2)
  3 orc wizards (D:4)
  Jessica (D:2)
  Natasha (thrice) (D:3)
  A worker ant (D:4)
  Robin (D:3)
  9 adders
  2 oozes
  3 worms (D:2)
  2 leopard geckos (D:1)
  An orc (D:4)
  4 giant cockroaches
  17 goblins
  17 hobgoblins
  7 jackals
  A ball python (D:4)
  8 bats
  9 kobolds
  7 rats
  A fungus (D:2)
98 creatures vanquished.

Notes
Turn   | Place    | Note
-------+----------+-------------------------------------------
     0 | D:1      | ohad the Octopode Transmuter began the quest for the Orb.
     0 | D:1      | Reached XP level 1. HP: 13/13 MP: 3/3
   161 | D:1      | Reached XP level 2. HP: 13/18 MP: 5/5
   461 | D:1      | Reached skill level 3 in Transmutations
   818 | D:1      | Reached XP level 3. HP: 23/23 MP: 6/6
   822 | D:1      | Learned a level 2 spell: Sticks to Snakes
   826 | D:1      | Learned a level 3 spell: Spider Form
  1099 | D:2      | Noticed a phantom
  1179 | D:2      | Noticed Jessica
  1186 | D:2      | Killed Jessica
  1186 | D:2      | Reached skill level 4 in Transmutations
  1186 | D:2      | Reached XP level 4. HP: 28/28 MP: 0/7
  1965 | D:2      | Found a burning altar of Makhleb.
  2286 | D:2      | Reached skill level 5 in Transmutations
  2286 | D:2      | Reached XP level 5. HP: 33/33 MP: 8/8
  2667 | D:2      | Found a runed translucent door.
  2681 | D:2      | Noticed Crazy Yiuf
  2692 | D:2      | Killed Crazy Yiuf
  2907 | D:3      | Noticed Natasha
  2916 | D:3      | Killed Natasha
  3093 | D:3      | Noticed Natasha
  3108 | D:3      | Killed Natasha
  3167 | D:3      | Reached XP level 6. HP: 38/38 MP: 2/9
  3228 | D:3      | Learned a level 4 spell: Ice Form
  3258 | D:3      | Noticed Robin
  3281 | D:3      | Killed Robin
  3281 | D:3      | Reached skill level 1 in Ice Magic
  4101 | D:3      | Noticed Natasha
  4107 | D:3      | Killed Natasha
  4854 | D:4      | Reached XP level 7. HP: 27/43 MP: 6/10
  4861 | D:4      | Slain by an orc priest

Levels and vault maps discovered:
D:1:      giann_bridges, layout_basic
D:2:      layout_loops_ring, lemuel_doored_altar,
          hangedman_abyss_or_decor_lesser_grid, uniq_crazy_yiuf_cottage,
          uniq_jessica
D:3:      layout_basic, first_ration, minmay_goblin_kobold_house, uniq_natasha,
          uniq_robin
D:4:      layout_basic

Skill      XL: |  1  2  3  4  5  6 |
---------------+-------------------+-----
Transmutations | 3 4 5 |  5.8
Ice Magic      | 3 |  3.7
Fighting       | |  1.0
Dodging        | |  2.0
Unarmed Combat | |  3.0
Spellcasting   | |  2.5

Action                   |  1- 3 |  4- 6 |  7- 9 || total
-------------------------+-------+-------+-------++-------
Melee: Unarmed           |    60 |   214 |     6 ||   280
       Kick              |    12 |    15 |       ||    27
       Constrict         |    14 |    24 |       ||    38
       Tentacles         |     5 |    16 |       ||    21
       Punch             |       |     1 |       ||     1
 Cast: Beastly Appendage |    10 |    13 |       ||    23
       Spider Form       |       |    17 |       ||    17
  Use: Scroll            |       |     6 |       ||     6
 Stab: Sleeping          |     8 |     5 |       ||    13
  Eat: Chunk             |     1 |    14 |       ||    15
Armor: Skin              |     8 |     6 |       ||    14
Dodge: Dodged            |    29 |   147 |     4 ||   180

Table legend:
 A = Non-vault XP
 B = Vault XP
 C = Vault XP percentage of total XP
 D = Non-vault monster count
 E = Vault monster count
 F = Vault count percentage of total count
                 A         B        C        D         E       F
            +---------+---------+-------+---------+---------+-------
      Total |     467 |     157 |  25.2 |      78 |      19 |  19.6
            +---------+---------+-------+---------+---------+-------
        D:1 |      48 |       0 |   0.0 |      28 |       0 |   0.0
        D:2 |     108 |      77 |  41.6 |      22 |       2 |   8.3
        D:3 |     130 |      80 |  38.1 |      19 |      17 |  47.2
        D:4 |     181 |       0 |   0.0 |       9 |       0 |   0.0
            +---------+---------+-------+---------+---------+-------
